Map: Eternal Empire LE

Players

A.I. 1 (Medium)

  • Race: Terran Terran
  • Spawn Location: 7:00

Throwfordays - Winner!

  • Race: Protoss Protoss
  • Spawn Location: 1:00

VOD

Have the link to the VOD?

Description

Time

  • Played on: May 25, 2020, 2:27 a.m.
  • Length: 11:21
Show
View Real Time Build Order
Export as new Build Order

A.I. 1 (Medium) Terran 

Build Orders:  

Get SALT Encoding   

  12  0:00  SCV  
  13  0:13  SCV  
  14  0:19  Supply Depot  
  14  0:25  SCV  
  15  0:40  SCV  
  16  0:43  Barracks  
  16  0:49  Refinery  
  16  0:52  SCV  
  17  1:05  SCV  
  18  1:17  Supply Depot  
  18  1:30  Marine  
  19  1:33  Orbital Command, Barracks  
  19  1:43  Refinery  
  19  1:49  Barracks Tech Lab  
  19  2:06  Marine  
  20  2:11  Supply Depot  
  20  2:24  Marine  
  20  2:28  Marine  
  22  2:32  SCV  
  23  2:42  Marine  
  24  2:44  SCV  
  24  2:46  Engineering Bay  
  24  2:47  Marine  
  26  2:56  SCV  
  27  3:00  Marauder  
  27  3:03  Supply Depot  
  29  3:08  SCV  
  30  3:20  SCV  
  30  3:22  Marauder  
  33  3:33  SCV  
  34  3:43  Marauder  
  36  5:17  Reaper, SCV, Barracks Tech Lab  
  36  5:18  Factory  
  36  5:21  Factory  
  38  5:23  Supply Depot  
  38  5:26  Missile Turret  
  38  5:27  Missile Turret  
  38  5:31  Sensor Tower  
  38  5:34  Marine, Barracks  
  39  5:47  Bunker  
  39  5:49  Marine  
  40  5:51  Command Center  
  40  5:53  Marauder  
  42  6:04  Armory  
  42  6:06  Starport, Factory Tech Lab x2  
  42  6:07  Reaper  
  42  6:14  Marine  
  42  6:20  Marine  
  40  6:31  Marine  
  34  6:39  Barracks Reactor, Marauder  
  36  6:44  Starport Tech Lab  
  36  6:50  Marauder  
  38  7:01  Marauder  
  40  7:04  SCV, Raven  
  40  7:07  SCV  
  44  7:11  Marine, Refinery  
  44  7:14  Missile Turret  
  44  7:15  Marine  
  46  7:16  SCV  
  46  7:17  Missile Turret  
  46  7:19  Refinery, SCV  
  48  7:23  Marine  
  48  7:28  SCV  
  50  7:31  SCV  
  50  7:37  Bunker  
  51  7:40  SCV  
  51  7:43  SCV  
  53  7:47  Raven  
  55  7:52  SCV  
  55  7:55  SCV  
  57  8:04  SCV  
  58  8:07  SCV  
  59  8:16  SCV  
  59  8:19  SCV  
  61  8:28  SCV  
  61  8:31  SCV  
  63  8:35  Supply Depot  
  63  8:40  SCV  
  64  8:43  SCV  
  65  8:53  SCV  
  66  8:55  SCV  
  67  9:05  SCV  
  67  9:08  SCV  
  69  9:11  Supply Depot  
  69  9:16  Marine, Medivac, Stimpack, Combat Shield  
  72  9:17  SCV, Terran Infantry Weapons Level 1  
  72  9:19  Starport  
  72  9:20  Ghost Academy  
  72  9:21  Marine  
  72  9:22  Fusion Core  
  74  9:25  Engineering Bay  
  74  9:28  Armory  
  73  9:33  SCV  
  73  9:35  Supply Depot  
  73  9:36  SCV  
  77  9:38  Hellion  
  77  9:44  Reaper  
  65  9:46  Medivac  
  65  9:48  Marine  
  60  9:53  Marine  
  60  9:56  Starport Reactor  
  60  9:58  Marine  
  62  10:06  Ghost  
  53  10:11  Hellion  
  50  10:16  Raven  
  50  10:18  Marauder  
  51  10:25  Marine  
  45  10:35  Concussive Shells  
  46  10:40  Marine  
  42  10:47  Marine  
  37  10:55  SCV  
  17  11:07  SCV  
Show
View Real Time Build Order
Export as new Build Order

Throwfordays Protoss - Winner!

Build Orders: 1 Gate Expand, Double Forge 

Get SALT Encoding   

  12  0:01  Probe  
  13  0:13  Probe  
  14  0:19  Pylon  
  15  0:28  Probe  
  15  0:40  Probe (Chrono Boost)  
  16  0:49  Gateway  
  17  0:50  Probe (Chrono Boost)  
  17  0:55  Probe (Chrono Boost)  
  17  0:56  Assimilator  
  18  1:07  Probe (Chrono Boost)  
  20  1:18  Probe (Chrono Boost)  
  20  1:23  Probe (Chrono Boost)  
  21  1:37  Nexus  
  21  1:45  Pylon  
  21  1:51  Probe  
  22  2:00  Assimilator  
  22  2:03  Probe  
  23  2:15  Probe  
  24  2:26  Pylon  
  24  2:27  Zealot  
  26  2:33  Forge  
  26  2:50  Gateway  
  26  2:53  Gateway  
  26  3:00  Cybernetics Core  
  26  3:07  Probe (Chrono Boost)  
  28  3:15  Probe (Chrono Boost)  
  28  3:17  Probe (Chrono Boost)  
  29  3:23  Probe (Chrono Boost)  
  29  3:25  Probe (Chrono Boost)  
  31  3:28  Probe (Chrono Boost)  
  31  3:33  Probe  
  33  3:34  Warp Gate (Chrono Boost)  
  33  3:39  Probe (Chrono Boost)  
  35  3:51  Probe x2 (Chrono Boost)  
  35  3:52  Stalker  
  38  3:57  Stalker  
  38  3:58  Probe (Chrono Boost)  
  38  4:00  Probe (Chrono Boost)  
  42  4:04  Stalker  
  42  4:05  Probe  
  45  4:10  Probe  
  45  4:12  Protoss Ground Weapons Level 1  
  46  4:17  Probe  
  46  4:19  Assimilator  
  46  4:22  Probe  
  48  4:25  Stalker  
  48  4:30  Stalker  
  52  4:33  Stalker  
  54  4:49  Pylon  
  54  4:52  Pylon  
  54  4:59  Forge  
  54  5:07  Probe  
  54  5:09  Nexus  
  54  5:12  Pylon  
  55  5:15  Assimilator  
  55  5:19  Probe  
  55  5:20  Assimilator  
  56  5:21  Assimilator  
  56  5:28  Stalker  
  56  5:29  Stalker  
  56  5:30  Stalker  
  56  5:31  Probe  
  63  5:52  Gateway  
  63  5:58  Gateway  
  63  6:00  Gateway  
  63  6:04  Stalker  
  63  6:05  Stalker x2  
  63  6:21  Protoss Ground Armor Level 1  
  61  6:31  Probe (Chrono Boost)  
  61  6:41  Probe (Chrono Boost)  
  61  6:46  Probe (Chrono Boost)  
  62  6:47  Probe (Chrono Boost)  
  62  6:50  Probe (Chrono Boost)  
  64  6:57  Probe (Chrono Boost)  
  64  6:59  Probe (Chrono Boost)  
  64  7:00  Probe (Chrono Boost)  
  67  7:04  Gateway  
  67  7:07  Robotics Facility, Probe  
  68  7:09  Robotics Facility, Probe  
  68  7:12  Gateway  
  69  7:16  Gateway  
  69  7:19  Probe  
  69  7:21  Probe  
  71  7:24  Gateway  
  71  7:31  Probe x2  
  71  7:34  Probe  
  74  7:43  Stalker x2, Probe x2  
  80  7:45  Stalker x2  
  80  7:46  Stalker, Probe  
  87  7:55  Probe  
  87  7:58  Probe  
  89  8:07  Immortal  
  93  8:14  Pylon  
  93  8:15  Pylon  
  93  8:17  Pylon  
  93  8:19  Pylon  
  93  8:21  Pylon  
  93  8:22  Pylon  
  93  8:24  Pylon x2  
  93  8:25  Pylon  
  93  8:31  Pylon  
  93  8:32  Immortal  
  97  8:43  Protoss Shields Level 1  
  97  8:49  Twilight Council  
  97  8:54  Immortal  
  101  9:05  Stalker x5  
  101  9:06  Stalker x3  
  117  9:12  Observer  
  118  9:33  Immortal x2  
  112  10:00  Stalker x4  
  112  10:01  Stalker x4  
  126  11:02  Pylon  
Tags
 
Add a new tag
Caveats
  • Supply blocks, unpowered buildings, or Contaminate may cause inaccurate times.
  • Supply counts are checked every 10 seconds.